 Dungeon Crawl Stone Soup version 0.30-a0-166-g5d06c95188 (webtiles) character file.

Game seed: 606528724245176146

2200 qw the Cleaver (level 9, -3/57 HPs)
             Began as a Gargoyle Fighter on Sept 28, 2022.
             Killed from afar by Maggie (20 damage)
             ... with a bolt of fire
             ... on level 7 of the Dungeon.
             The game lasted 00:02:20 (7782 turns).

qw the Cleaver (Gargoyle Fighter)                   Turns: 7782, Time: 00:02:21

Health: -3/57      AC: 18    Str: 30    XL:     9   Next: 34%
Magic:  9/9        EV:  8    Int:  9    God:
Gold:   215        SH:  4    Dex:  9    Spells: 8/8 levels left

rFire   . . .      SeeInvis +    Y - +2 war axe (flame)
rCold   . . .      Faith    .    c - +0 buckler
rNeg    + . .      Spirit   .    q - +0 chain mail
rPois   inf        Reflect  .    (no helmet)
rElec   +          Harm     .    (no cloak)
rCorr   .          Rampage  .    o - +0 pair of gloves
Will    .....                    b - +0 pair of boots
Stlth   ..........               (no amulet)
HPRegen 0.19/turn                h - ring of see invisible
MPRegen 0.11/turn                a - +6 ring of strength

@: no status effects
A: sickness immunity, AC +6, negative energy resistance 1, electricity
resistance, torment resistance 1, petrification resistance
a: no special abilities


You were on level 7 of the Dungeon.
You visited 1 branch of the dungeon, and saw 7 of its levels.

You collected 356 gold pieces.
You spent 141 gold pieces at shops.


Innate Abilities, Weirdness & Mutations

You are immune to sickness and miasma.
Your stone body is resilient. (AC +6)
You are immune to poison.
You resist negative energy. (rN+)
You are resistant to electric shocks. (rElec)
You are resistant to unholy torment.
You are immune to petrification.


   Skills:
 - Level 7.4 Fighting
 - Level 9.1 Axes
 + Level 4.1 Armour
 - Level 1.7 Dodging
 - Level 4.0 Shields


You had 8 spell levels left.
You didn't know any spells.
Your spell library was empty.

Inventory:

Hand Weapons
 Y - a +2 war axe of flaming (weapon)
Armour
 b - a +0 pair of boots (worn)
 c - a +0 buckler (worn)
 i - a +0 plate armour
 o - a +0 pair of gloves (worn)
 q - a +0 chain mail (worn)
Jewellery
 a - a +6 ring of strength (right hand)
 h - a ring of see invisible (left hand)
 j - a ring of resist corrosion
 s - a ring of protection from cold
Scrolls
 e - a scroll of enchant armour {unknown}
 f - a scroll of identify
 g - 2 scrolls of teleportation
Potions
 d - 2 potions of might
 k - 2 potions of curing
 l - a potion of lignification
 m - a potion of heal wounds
 n - a potion of resistance
 p - a potion of haste {unknown}

Dungeon Overview and Level Annotations

Branches:
Dungeon (7/15)
 Temple: D:4-7

Altars:
Dithmenos
Gozag
Wu Jian

Shops:
D:1 ?   D:6 *

Annotations:
D:7 2 runed translucent doors, Maggie


Message History

Maggie the Vainglorious comes into view.
She is wielding a +0 glaive of venom.
7769 ||| Stepping ~*~*~tactically~*~*~ (stealth).
7770 ||| Stepping ~*~*~tactically~*~*~ (stealth).
You hit the troll but do no damage. The troll bites you.
You block the troll's attack. The troll barely misses you.
You hit the troll. You burn the troll.
The troll is lightly wounded.
The troll barely misses you. The troll claws you but does no damage.
The troll claws you.
You slice the troll!! You burn the troll.
The troll is severely wounded.
The troll bites you. The troll claws you. x2
You closely miss the troll.
The troll is severely wounded.
The troll completely misses you. The troll claws you but does no damage.
The troll claws you!
You closely miss the troll.
The troll is severely wounded.
The troll bites you but does no damage.
The troll claws you but does no damage. x2
You closely miss the troll.
The troll is severely wounded.
You block the troll's attack. The troll claws you. x2
You slice the troll!! You burn the troll.
You kill the troll!
The troll leather armour is intact enough to wear.
Your Fighting skill increases to level 7!
Maggie hits you from afar with a +0 glaive of venom.
Things that are here:
a +0 troll leather armour; a troll corpse Maggie closely misses you.
You barely miss Maggie. Maggie hits you but does no damage.
You hit Maggie. You burn Maggie.
Maggie is lightly wounded.
Maggie closely misses you.
You slash Maggie! You burn Maggie.
Maggie is moderately wounded.
Maggie gestures at you while chanting. The bolt of fire hits you!!
You die...

##.#.#.###....##.........#.......
##.......................##.#.#..
.................................
..........b......................
.................................
.................................
.................................
..)<.............................
..#@@[.##..#...#.....
......[##..#...#######.. .....##
##.....##....... ....
##.............
.....######.>...........
.............).......?.. .
...8####8....##....... .
+....+....##.......
8#..#8....##.......


You could see Maggie.

Vanquished Creatures
  A troll (D:7)
  A hornet (D:4)
  3 ice beasts
  A sky beast (D:7)
  3 black bears
  A phantom (D:5)
  4 bullfrogs
  2 necrophages
  2 scorpions
  3 killer bees (D:7)
  A hound (D:6)
  A jelly (D:7)
  3 orc priests
  3 iguanas
  2 orc wizards
  5 adders
  3 gnolls (D:6)
  A white imp (D:6)
  6 worms
  2 dart slugs
  13 orcs
  6 ball pythons
  9 endoplasms
  2 giant cockroaches
  5 goblins
  10 hobgoblins
  6 jackals
  3 quokkas
  6 bats
  A frilled lizard (D:2)
  10 kobolds
  4 rats
123 creatures vanquished.

Vanquished Creatures (others)
  2 plants (D:1)
2 creatures vanquished.

Grand Total: 125 creatures vanquished

Notes
Turn   | Place    | Note
-------+----------+-------------------------------------------
     0 | D:1      | qw the Gargoyle Fighter began the quest for the Orb.
     0 | D:1      | Reached XP level 1. HP: 14/14 MP: 1/1
     0 | D:1      | 0 ||| qw: Version: 0.2-a-12-gaebbb33
     0 | D:1      | 0 ||| qw: Game counter: 1001
     0 | D:1      | 0 ||| qw: Always use a shield: true
     0 | D:1      | 0 ||| qw: God list: Okawaru
     0 | D:1      | 0 ||| qw: Allow faded altars: false
     0 | D:1      | 0 ||| qw: Do Orc after D:15 true
     0 | D:1      | 0 ||| qw: Do second Lair branch before Depths: true
     0 | D:1      | 0 ||| qw: Lair rune preference: random
     0 | D:1      | 0 ||| qw: Plans: Normal, Zot:1-4, God:TSO, Crypt, Tomb,
                  | Pan, Slime:5, Hells, Abyss, Orb
     0 | D:1      | 0 ||| PLANNING D:1-11
    20 | D:1      | 20 ||| Stepping ~*~*~tactically~*~*~ (stealth).
    23 | D:1      | 23 ||| Stepping ~*~*~tactically~*~*~ (hiding).
    32 | D:1      | Reached skill level 2 in Axes
   163 | D:1      | 163 ||| Stepping ~*~*~tactically~*~*~ (stealth).
   172 | D:1      | Reached XP level 2. HP: 12/19 MP: 2/2
   704 | D:1      | Found Xosyudd's Magic Scroll Boutique.
   753 | D:1      | 753 ||| SHOPLISTING scroll of identify (22 gold, have 17).
   753 | D:1      | 753 ||| SHOPLISTING scroll of teleportation (33 gold, have
                  | 17).
   801 | D:1      | Reached skill level 3 in Axes
  1048 | D:1      | Reached XP level 3. HP: 23/23 MP: 3/3
  1118 | D:1      | 1118 ||| UPGRADING to +6 ring of strength.
  1119 | D:1      | 1119 ||| READING scroll labelled FELURUGHIG.
  1120 | D:1      | 1120 ||| READING scroll labelled QUEHOBRODA.
  1121 | D:1      | 1121 ||| READING scroll labelled NAUKHU DAWITAA.
  1122 | D:1      | 1122 ||| DRINKING 2 sedimented inky potions.
  1204 | D:2      | 1204 ||| FLEEEEING.
  1205 | D:2      | 1205 ||| FLEEEEING.
  1206 | D:2      | 1206 ||| FLEEEEING.
  1208 | D:2      | 1208 ||| FLEEEEING.
  1209 | D:2      | 1209 ||| STAIRDANCE
  1243 | D:1      | 1243 ||| READING scroll labelled KYPSEI PITO.
  1341 | D:2      | 1341 ||| Stepping ~*~*~tactically~*~*~ (stealth).
  1490 | D:2      | 1490 ||| Stepping ~*~*~tactically~*~*~ (stealth).
  1716 | D:2      | Reached XP level 4. HP: 28/28 MP: 4/4
  1797 | D:2      | Found a faded altar of an unknown god.
  1906 | D:2      | 1906 ||| Stepping ~*~*~tactically~*~*~ (stealth).
  1938 | D:2      | 1938 ||| Stepping ~*~*~tactically~*~*~ (stealth).
  1975 | D:2      | Reached skill level 4 in Axes
  1986 | D:2      | 1986 ||| Stepping ~*~*~tactically~*~*~ (stealth).
  1987 | D:2      | 1987 ||| Stepping ~*~*~tactically~*~*~ (stealth).
  2246 | D:2      | 2246 ||| UPGRADING to ring of resist corrosion.
  2247 | D:2      | 2247 ||| UPGRADING to ring of see invisible.
  2249 | D:2      | 2249 ||| UPGRADING to +6 ring of strength.
  2251 | D:2      | 2251 ||| READING scroll labelled MOLOHE LERUA.
  2801 | D:3      | Noticed a scorpion
  2808 | D:3      | Killed a scorpion
  2809 | D:3      | Reached XP level 5. HP: 32/32 MP: 5/5
  2968 | D:3      | 2968 ||| Stepping ~*~*~tactically~*~*~ (hiding).
  2975 | D:3      | Reached skill level 5 in Axes
  3307 | D:3      | 3307 ||| UPGRADING to +0 pair of gloves.
  3312 | D:3      | 3312 ||| UPGRADING to +0 chain mail.
  3322 | D:3      | 3322 ||| DROPPING +0 scale mail.
  3323 | D:3      | 3323 ||| READING scroll labelled TIRARHO INLENN.
  3324 | D:3      | 3324 ||| READING scroll labelled YTHADA YGYVIQUOMM.
  3453 | D:4      | Found a shadowy altar of Dithmenos.
  3545 | D:4      | Noticed a black bear
  3554 | D:4      | Reached XP level 6. HP: 30/38 MP: 6/6
  3559 | D:4      | Killed a black bear
  3881 | D:4      | Found an opulent altar of Gozag.
  4116 | D:4      | HP: 8/38 [orc priest/divine providence (16)]
  4125 | D:4      | Noticed a hornet
  4131 | D:4      | Killed a hornet
  4132 | D:4      | Reached skill level 6 in Axes
  4132 | D:4      | Reached XP level 7. HP: 9/43 MP: 7/7
  4371 | D:4      | 4371 ||| DROPPING +0 whip.
  4499 | D:4      | Found an ornate altar of the Wu Jian Council.
  4935 | D:4      | 4935 ||| UPGRADING to +0 pair of boots.
  4940 | D:4      | 4940 ||| DRINKING 2 bubbling silvery potions.
  4941 | D:4      | 4941 ||| READING 2 scrolls of identify.
  4941 | D:4      | 4941 ||| IDENTIFYING sapphire potion
  4942 | D:4      | 4942 ||| DROPPING potion of berserk rage.
  4943 | D:4      | 4943 ||| DROPPING potion of flight.
  4976 | D:5      | Entered Level 5 of the Dungeon
  5043 | D:5      | Reached skill level 1 in Dodging
  5194 | D:5      | Identified the +0 robe "Ebun Kutz" {Archmagi}
  5379 | D:5      | Reached skill level 7 in Axes
  5612 | D:5      | Reached XP level 8. HP: 18/50 MP: 8/8
  6118 | D:5      | 6118 ||| DROPPING scarf of shadows.
  6119 | D:5      | 6119 ||| READING scroll labelled GEESUCW VETT.
  6120 | D:5      | 6120 ||| READING 5 scrolls of identify.
  6120 | D:5      | 6120 ||| IDENTIFYING emerald potion
  6121 | D:5      | 6121 ||| READING 4 scrolls of identify.
  6121 | D:5      | 6121 ||| IDENTIFYING brown potion
  6122 | D:5      | 6122 ||| READING 3 scrolls of identify.
  6122 | D:5      | 6122 ||| IDENTIFYING bubbling sapphire potion
  6123 | D:5      | 6123 ||| READING 2 scrolls of identify.
  6123 | D:5      | 6123 ||| IDENTIFYING golden potion
  6124 | D:5      | 6124 ||| DROPPING potion of degeneration.
  6202 | D:6      | 6202 ||| Stepping ~*~*~tactically~*~*~ (stealth).
  6212 | D:6      | Reached skill level 8 in Axes
  6280 | D:6      | 6280 ||| Stepping ~*~*~tactically~*~*~ (hiding).
  6376 | D:6      | Found Gylug's Assorted Antiques.
  6385 | D:6      | 6385 ||| BUYING bubbling cyan potion (21 gold).
  6385 | D:6      | Bought a bubbling cyan potion for 21 gold pieces
  6385 | D:6      | 6385 ||| SHOPLISTING plate armour (552 gold, have 254).
  6385 | D:6      | 6385 ||| BUYING scroll of identify (48 gold).
  6385 | D:6      | Bought a scroll of identify for 48 gold pieces
  6385 | D:6      | 6385 ||| BUYING scroll of teleportation (72 gold).
  6385 | D:6      | Bought a scroll of teleportation for 72 gold pieces
  6450 | D:6      | 6450 ||| Stepping ~*~*~tactically~*~*~ (stealth).
  6459 | D:6      | 6459 ||| FLEEEEING.
  6675 | D:6      | Reached skill level 6 in Fighting
  6693 | D:6      | 6693 ||| Stepping ~*~*~tactically~*~*~ (hiding).
  6694 | D:6      | 6694 ||| Stepping ~*~*~tactically~*~*~ (hiding).
  7123 | D:6      | 7123 ||| READING scroll of brand weapon.
  7123 | D:6      | 7123 ||| BRANDING +0 war axe of protection.
  7124 | D:6      | 7124 ||| DROPPING +0 flail.
  7200 | D:6      | 7200 ||| READING 2 scrolls labelled UDOTUW GATRO.
  7201 | D:6      | 7201 ||| READING scroll of enchant weapon.
  7201 | D:6      | 7201 ||| ENCHANTING +1 war axe of flaming.
  7202 | D:6      | 7202 ||| READING scroll labelled RIPIRA DEISIU.
  7203 | D:6      | 7203 ||| READING 2 scrolls of identify.
  7203 | D:6      | 7203 ||| IDENTIFYING bubbling cyan potion
  7204 | D:6      | 7204 ||| DROPPING potion of magic.
  7259 | D:7      | 7259 ||| STAIRDANCE
  7379 | D:7      | 7379 ||| Stepping ~*~*~tactically~*~*~ (stealth).
  7382 | D:7      | 7382 ||| Stepping ~*~*~tactically~*~*~ (stealth).
  7399 | D:7      | 7399 ||| Stepping ~*~*~tactically~*~*~ (hiding).
  7417 | D:7      | Reached XP level 9. HP: 51/55 MP: 9/9
  7474 | D:7      | Reached skill level 9 in Axes
  7591 | D:7      | 7591 ||| Stepping ~*~*~tactically~*~*~ (stealth).
  7592 | D:7      | 7592 ||| Stepping ~*~*~tactically~*~*~ (stealth).
  7747 | D:7      | Found a large runed translucent door.
  7747 | D:7      | Found a large runed translucent door.
  7766 | D:7      | Noticed a troll
  7768 | D:7      | Noticed Maggie
  7769 | D:7      | 7769 ||| Stepping ~*~*~tactically~*~*~ (stealth).
  7770 | D:7      | 7770 ||| Stepping ~*~*~tactically~*~*~ (stealth).
  7777 | D:7      | Killed a troll
  7782 | D:7      | Killed from afar by Maggie

Levels and vault maps discovered:
D:1:      nicolae_arrival_somewhat_less_tricky_arrival, layout_rooms,
          serial_shops, nicolae_square_shop, serial_bayou_ford_a
D:2:      layout_loops_ring, hellmonk_ecumenical_altar_dog_temple
D:3:      layout_basic
D:4:      layout_basic, marbit_many_paths, kennysheep_little_box,
          grunt_dithmenos_smoke
D:5:      layout_loops_corners
D:6:      layout_loops_ring, serial_shops, shop_fountains, serial_rivers,
          chequers_serial_rivers_large_a, chequers_serial_rivers_micro_c,
          chequers_serial_rivers_micro_e, chequers_serial_rivers_micro_a
D:7:      layout_rooms, jmf_multi_god_temple2, minmay_temple_entry_butterflies,
          uniq_maggie

Skill      XL: |  1  2  3  4  5  6  7  8  9 |
---------------+----------------------------+-----
Axes           | 2 3 4 5 6 7 8 9 |  9.1
Fighting       | 4 5 6 7 |  7.4
Dodging        | 1 |  1.7
Armour         | 4 |  4.1
Shields        | 4 |  4.0

Action                   |  1- 3 |  4- 6 |  7- 9 || total
-------------------------+-------+-------+-------++-------
Melee: War axe           |   111 |   138 |   197 ||   446
  Use: Scroll            |     4 |     3 |    11 ||    18
       Potion            |     1 |       |     1 ||     2
Armor: Scale mail        |    59 |    41 |       ||   100
       Chain mail        |       |    45 |   124 ||   169
Dodge: Dodged            |    34 |    47 |    75 ||   156
Block: Buckler           |    16 |    24 |    26 ||    66

Table legend:
 A = Non-vault XP
 B = Vault XP
 C = Vault XP percentage of total XP
 D = Non-vault monster count
 E = Vault monster count
 F = Vault count percentage of total count
                 A         B        C        D         E       F
            +---------+---------+-------+---------+---------+-------
      Total |    3125 |      19 |   0.6 |     119 |       4 |   3.3
            +---------+---------+-------+---------+---------+-------
        D:1 |      35 |       0 |   0.0 |      21 |       0 |   0.0
        D:2 |      63 |       6 |   8.7 |      18 |       3 |  14.3
        D:3 |     127 |       0 |   0.0 |      22 |       0 |   0.0
        D:4 |     551 |      13 |   2.3 |      17 |       1 |   5.6
        D:5 |     692 |       0 |   0.0 |      12 |       0 |   0.0
        D:6 |     554 |       0 |   0.0 |      15 |       0 |   0.0
        D:7 |    1103 |       0 |   0.0 |      14 |       0 |   0.0
            +---------+---------+-------+---------+---------+-------
